 Dungeon Crawl Stone Soup version 0.18.1-50-g88ac8fd (webtiles) character file.

1439 hedlx the Spear-Bearer (level 8, -5/62 HPs)
             Began as a Minotaur Gladiator on Sept 30, 2016.
             Was a Believer of Dithmenos.
             Slain by Prince Ribbit (14 damage)
             ... on level 6 of the Dungeon.
             The game lasted 00:19:53 (5117 turns).

hedlx the Spear-Bearer (Minotaur Gladiator)         Turns: 5117, Time: 00:19:53

Health: -5/62      AC:  7    Str: 21    XL:     8   Next: 45%
Magic:  7/7        EV: 16    Int:  5    God:    Dithmenos [**....]
Gold:   311        SH:  0    Dex: 12    Spells: 0 memorised, 7 levels left

rFire  . . .     SeeInvis .     a - +2 trident
rCold  . . .     Gourm    .     y - +1 ring mail {rN+}
rNeg   + . .     Faith    .     (no shield)
rPois  .         Spirit   .     c - +0 hat
rElec  .         Dismiss  .     (no cloak)
rCorr  .         Reflect  .     (no gloves)
SustAt .         Harm     .     x - +0 pair of boots
MR     .....                    (no amulet)
Stlth  ++........               t - +3 ring of evasion
                                A - ring of stealth

@: about to teleport, wreathed by umbra, not resistant to hostile enchantments,
unstealthy
A: retaliatory headbutt, horns 2
a: Shadow Step, Renounce Religion


You were on level 6 of the Dungeon.
You worshipped Dithmenos.
Dithmenos was pleased with you.
You were not hungry.

You visited 1 branch of the dungeon, and saw 6 of its levels.

You collected 311 gold pieces.

Inventory:

Hand Weapons
 a - a +2 trident (weapon)
Missiles
 d - 4 throwing nets (quivered)
Armour
 b - a +0 leather armour
 c - a +0 hat (worn)
 p - a +0 plate armour
 x - a +0 pair of boots (worn)
 y - a +1 ring mail of positive energy (worn)
Jewellery
 j - an uncursed ring of wizardry
 t - a +3 ring of evasion (right hand)
 A - a ring of stealth (left hand)
 E - a +2 ring of strength {unknown}
Wands
 n - a wand of slowing (19/48)
 D - a wand of digging (4/24)
Scrolls
 i - 2 scrolls of teleportation
 v - 2 scrolls of remove curse
 z - 2 scrolls of identify
 B - a scroll of fog {unknown}
Potions
 e - 2 potions of degeneration
 h - 2 potions of mutation
 l - a potion of lignification {unknown}
 o - 3 potions of flight
 q - a potion of cure mutation {unknown}
 r - a potion of resistance {unknown}
 u - 2 potions of might {unknown}
 w - a potion of cancellation
 C - a potion of haste {unknown}
Comestibles
 f - 7 bread rations
 k - a meat ration
 m - 2 beef jerkies
 s - a slice of pizza


   Skills:
 - Level 2.4 Fighting
 * Level 12.1 Polearms
 - Level 2.0 Throwing
 + Level 4.8 Dodging


You had 7 spell levels left.
You didn't know any spells.

Dungeon Overview and Level Annotations

Branches:
Dungeon (6/15)             Temple (0/1) D:5

Altars:
Dithmenos
Elyvilon
Makhleb
Nemelex Xobeh
Okawaru
Pakellas
Sif Muna

Annotations:
D:6 Prince Ribbit


Innate Abilities, Weirdness & Mutations

You reflexively headbutt those who attack you in melee.
You have a pair of horns on your head.


Message History

You headbutt Prince Ribbit!
You see here a morningstar.
Read which item? (? for menu, Esc to quit)
Okay, then.
Eat which item? (? for menu, Esc to quit)
Okay, then.
Drink which item? (? for menu, Esc to quit)
You feel better. Prince Ribbit closely misses you.
You puncture Prince Ribbit!
Prince Ribbit is almost dead.
Prince Ribbit hits you!
* * * LOW HITPOINT WARNING * * *
Drink which item? (? for menu, Esc to quit)
You feel better.
Prince Ribbit casts a spell.
Prince Ribbit looks slightly unstable.
Read which item? (? for menu, Esc to quit)
As you read the scroll of teleportation, it crumbles to dust.
You feel strangely unstable. Prince Ribbit misses you. Prince Ribbit hits you!
You die...

.♣♣♣.......♣♣♣.......## #......#
♣♣ ♣♣.....♣♣ ♣♣.....## #.#^..## ♣
♣♣♣.♣♣♣ ♣♣##### #.##.## ♣♣♣
#.##.# #.##.### ##### ###
######....... #.#.# #.#
#...........#
###.#.#######.#######.#######.#.#
..........#...†F@.....# #...#
.##.#####.#...######### ##..#
.##.# ##.#...#### #..# .##.#
#.........# #..# .##.#
#.......(.# #..#
.##.####.........# ####..#
.##...........#### #.....)
..............# ####.##..#
........#.#...# .........#


You could see Prince Ribbit.

Vanquished Creatures
  2 sky beasts
  2 phantoms
  The ghost of Drunkenshrew the Cutter, an amateur DrSk (D:3)
  An ogre (D:6)
  A giant frog (D:6)
  A scorpion (D:5)
  A howler monkey (D:6)
  3 hounds
  3 orc priests
  A centaur skeleton (D:6)
  An orc wizard (D:5)
  An iguana (D:5)
  6 worker ants
  17 adders
  8 gnolls
  A shadow imp (D:5)
  4 adder skeletons
  5 worms
  3 dart slugs
  2 giant geckos
  13 orcs
  11 bats
  5 goblins
  4 hobgoblins
  6 jackals (D:2)
  3 quokkas
  5 giant newts
  10 kobolds
  A quokka skeleton (D:4)
  9 rats
131 creatures vanquished.

Notes
Turn   | Place    | Note
--------------------------------------------------------------
     0 | D:1      | hedlx the Minotaur Gladiator began the quest for the Orb.
     0 | D:1      | Reached XP level 1. HP: 18/18 MP: 0/0
    45 | D:1      | Reached skill level 4 in Polearms
   116 | D:1      | Reached XP level 2. HP: 20/25 MP: 1/1
   453 | D:2      | Reached skill level 5 in Polearms
   453 | D:2      | Reached XP level 3. HP: 28/30 MP: 2/2
   865 | D:2      | Reached XP level 4. HP: 37/37 MP: 3/3
   870 | D:2      | Reached skill level 6 in Polearms
  1246 | D:2      | Found a shadowy altar of Dithmenos.
  1246 | D:2      | Found a deep blue altar of Sif Muna.
  1254 | D:2      | Became a worshipper of Dithmenos the Shadowed
  1382 | D:3      | Noticed Drunkenshrew's ghost (amateur DrSk)
  1395 | D:3      | Killed Drunkenshrew's ghost
  1395 | D:3      | Reached skill level 7 in Polearms
  1395 | D:3      | Reached XP level 5. HP: 13/42 MP: 4/4
  1654 | D:3      | Found a sparkling altar of Nemelex Xobeh.
  1771 | D:3      | Reached skill level 8 in Polearms
  1942 | D:3      | Reached * piety under Dithmenos
  2195 | D:3      | Reached XP level 6. HP: 47/50 MP: 5/5
  3093 | D:4      | Reached skill level 9 in Polearms
  3228 | D:4      | Found an oddly glowing altar of Pakellas.
  3496 | D:4      | You fall through a shaft for 2 floors!
  3522 | D:5      | Entered Level 5 of the Dungeon
  3549 | D:5      | Reached ** piety under Dithmenos
  3549 | D:5      | Reached XP level 7. HP: 53/56 MP: 6/6
  3607 | D:5      | Found an iron altar of Okawaru.
  3630 | D:5      | Reached skill level 10 in Polearms
  3664 | D:5      | Found a staircase to the Ecumenical Temple.
  3856 | D:5      | Found a burning altar of Makhleb.
  3923 | D:5      | Reached skill level 11 in Polearms
  4275 | D:6      | Found a white marble altar of Elyvilon.
  4288 | D:6      | Reached XP level 8. HP: 62/62 MP: 7/7
  4665 | D:6      | Reached skill level 12 in Polearms
  4833 | D:6      | Noticed Prince Ribbit
  5115 | D:6      | HP: 3/62 [Prince Ribbit (16)]
  5117 | D:6      | Slain by Prince Ribbit

Skill      XL: |  1  2  3  4  5  6  7  8 |
---------------+-------------------------+-----
Polearms       | 4 5 7 8 9 11 12 | 12.1
Dodging        | 4 |  4.8
Fighting       | |  2.4
Throwing       | |  2.0

Action                   |  1- 3 |  4- 6 |  7- 9 || total
-------------------------+-------+-------+-------++-------
Melee: Trident           |    61 |   209 |   143 ||   413
       Headbutt          |     8 |    18 |    19 ||    45
  Use: Scroll            |     6 |     6 |     1 ||    13
       Potion            |       |     1 |     3 ||     4
 Stab: Sleeping          |       |       |     3 ||     3
  Eat: Bread ration      |     1 |     1 |     1 ||     3
Armor: Leather armour    |     9 |    16 |       ||    25
       Plate armour      |       |     1 |       ||     1
       Ring mail         |       |     4 |    16 ||    20
Dodge: Dodged            |    30 |   103 |    71 ||   204
